 Dungeon Crawl Stone Soup version 0.31.0-11-ge490571c62 (webtiles) character file.

Game seed: 16831520876653543910

3854 qw the Skirmisher (level 9, -2/45 HPs)
             Began as a Spriggan Hunter on Feb 4, 2024.
             Was a Follower of Okawaru.
             Slain by a polar bear (5 damage)
             ... on level 8 of the Dungeon.
             The game lasted 00:00:35 (6540 turns).

qw the Skirmisher (Spriggan Hunter)                 Turns: 6540, Time: 00:00:36

Health: -2/45      AC:  4    Str:  9    XL:     9   Next: 99%
Magic:  19/20      EV: 38    Int: 11    God:    Okawaru [*.....]
Gold:   323        SH:  0    Dex: 22    Spells: 8/8 levels left

rFire   . . .        k - +0 orcbow
rCold   . . .        (shield currently unavailable)
rNeg    . . .        c - +0 robe
rPois   .            e - +1 hat
rElec   .            p - +0 cloak of Ashenzari's Scorn {MP+9 Str+2}
rCorr   .            (gloves unavailable)
SInv    +            (boots unavailable)
Will    +....        (no amulet)
Stlth   ++++         b - +5 ring of evasion
HPRegen 0.27/turn    (no ring)
MPRegen 0.17/turn

%: no passive effects
@: heroic, very quick
A: very small, no large weapons, unfitting armour, see invisible, speed 3
a: Renounce Religion, Heroism


You were on level 8 of the Dungeon.
You worshipped Okawaru.
Okawaru was aware of your devotion.
You visited 2 branches of the dungeon, and saw 9 of its levels.

You collected 323 gold pieces.


Innate Abilities, Weirdness & Mutations

You are very small and have problems with some larger weapons.
You are too small for most types of armour.
You have supernaturally acute eyesight. (SInv)
You cover ground extremely quickly. (Speed+++)


   Skills:
 - Level 4.0(9.0) Fighting
 - Level 11.4(16.4) Ranged Weapons
 + Level 11.2(16.2) Dodging
 - Level 1.5(6.5) Stealth
 + Level 1.4 Invocations


You had 8 spell levels left.
You didn't know any spells.
Your spell library was empty.

Inventory:

Hand Weapons
 k - a +0 orcbow (weapon)
Armour
 c - a +0 robe (worn)
 e - a +1 hat (worn)
 p - the +0 cloak of Ashenzari's Scorn (worn) {MP+9 Str+2}
   (You found it on level 6 of the Dungeon)

   Str+2:     It affects your strength (+2).
   MP+9:      It affects your magic capacity (+9).
Jewellery
 b - a +5 ring of evasion (left hand)
 m - a ring of fire
Wands
 i - a wand of polymorph (6)
 j - a wand of roots (10)
 n - a wand of digging (8)
Potions
 a - a potion of ambrosia {unknown}
 d - 2 potions of curing
 g - a potion of magic {unknown}
 h - a potion of brilliance {unknown}
 l - a potion of attraction {unknown}
 o - a potion of berserk rage {unknown}

Dungeon Overview and Level Annotations

Branches:
Dungeon (8/15)             Temple (1/1) D:7
   Lair: D:8-11

Altars:
Ashenzari
Cheibriados
Dithmenos
Elyvilon
Fedhas
Gozag
Hepliaklqana
Kikubaaqudgha
Okawaru
Qazlal
Ru
Trog
Uskayaw
Wu Jian
Xom
Yredelemnul
Zin
The Shining One

Shops:
D:1 [   D:6 (   D:7 :


Message History

The polar bear closely misses you.
6532 ||| RETREEEEATING.
The ice beast attacks as it pursues you!
The ice beast hits you but does no damage.
The polar bear barely misses you. The polar bear completely misses you.
The polar bear closely misses you.
Enter note:
Enter note:
Enter note:
Enter note:
Enter note:
6533 ||| RETREEEEATING.
The ice beast misses you.
The polar bear completely misses you. x2
The polar bear claws you.
There is an open door, spattered with blood here.
6534 ||| RETREEEEATING.
The ice beast barely misses you.
The polar bear completely misses you. x3
6535 ||| RETREEEEATING.
You shoot an arrow. The arrow closely misses the ice beast.
The arrow hits the polar bear.
The polar bear is almost dead.
You shoot an arrow. The arrow hits the polar bear.
The polar bear is almost dead.
The polar bear completely misses you. x3; The ice beast misses you.
The polar bear misses you. x2; The polar bear completely misses you.
You shoot an arrow.
The arrow hits the polar bear but does no damage.
The polar bear is almost dead.
The polar bear completely misses you. x2; The polar bear misses you.
You shoot an arrow.
The arrow hits the polar bear but does no damage.
The polar bear is almost dead.
The polar bear bites you! The polar bear misses you.
The polar bear completely misses you.
You shoot an arrow.
The arrow hits the polar bear but does no damage.
The polar bear is almost dead.
The ice beast completely misses you. x2; The polar bear completely misses you. x2
The polar bear claws you.
You die...

##.............#### #
#.......[.....#... #.
##.............#...
#..###..............+...
###..................#...
.......#.............#...
.......'Y.......######...
##########...#Yh......'...##...
.........##+##@Y......#........
............#######...#........
............#..8..#...#........
............#.8_8.#...#........
............#..8..#####........
............#~~.~~# #...##.).
.......<.##'#)~.~)# #...##...
##########..#~~.~~# #...#....
...............#####...'....


You could see a polar bear (berserk) and 3 ice beasts.

Vanquished Creatures
  Pikel (D:8)
  An unseen horror (D:6)
  A troll (D:8)
  2 wraiths
  A water moccasin (D:5)
  An orc warrior (D:8)
  An ice beast (D:8)
  2 black bears
  An ogre (D:4)
  2 centaurs
  2 lemures (D:8)
  A phantom (D:5)
  Blork the orc (D:6)
  A weeping skull (D:8)
  A kobold brigand (D:5)
  2 bullfrogs
  A gnoll sergeant (D:7)
  2 scorpions (D:5)
  9 wights
  2 howler monkeys
  A bombardier beetle (D:5)
  5 hounds
  2 jellies
  A gnoll bouda (D:7)
  An orc priest (D:7)
  6 iguanas
  An orc wizard (D:7)
  12 gnolls
  2 adders (D:3)
  A shadow imp (D:5)
  2 white imps
  2 ufetubi
  A ribbon worm (D:3)
  3 dart slugs
  13 orcs
  5 ball pythons
  3 endoplasms
  5 giant cockroaches
  5 hobgoblins
  7 jackals
  4 quokkas
  6 bats
  3 frilled lizards
  9 goblins
  A kobold (D:4)
  5 rats
  A spectral orc (D:8)
142 creatures vanquished.

Notes
Turn   | Place    | Note
-------+----------+-------------------------------------------
     0 | D:1      | qw the Spriggan Hunter began the quest for the Orb.
     0 | D:1      | Reached XP level 1. HP: 10/10 MP: 2/2
     0 | D:1      | 0 ||| qw: Version: 0.3-a-160-g6735b56
     0 | D:1      | 0 ||| qw: Game counter: 5606
     0 | D:1      | 0 ||| qw: Melee chars always use a shield: true
     0 | D:1      | 0 ||| qw: God list: Okawaru
     0 | D:1      | 0 ||| qw: Allow faded altars: false
     0 | D:1      | 0 ||| qw: Do Orc after clearing Dungeon:15 true
     0 | D:1      | 0 ||| qw: Do second Lair branch before Depths: true
     0 | D:1      | 0 ||| qw: Lair rune preference: random
     0 | D:1      | 0 ||| qw: Goals: Normal
     0 | D:1      | 0 ||| PLANNING D:1-11
    62 | D:1      | Reached skill level 3 in Dodging
   309 | D:1      | Found Gabouna's Antique Armour Shop.
   376 | D:1      | 376 ||| READING scroll labelled VIFI JUPTUT.
   376 | D:1      | 376 ||| BRANDING +0 shortbow.
   377 | D:1      | 377 ||| READING 2 scrolls labelled ZYG BANANEFU.
   380 | D:1      | 380 ||| DROPPING scroll of butterflies.
   451 | D:2      | Reached XP level 2. HP: 14/14 MP: 3/3
   567 | D:2      | HP: 1/14 [goblin/+0 dagger (3)]
   568 | D:2      | 568 ||| READING 2 scrolls of teleportation.
   825 | D:2      | Reached XP level 3. HP: 18/18 MP: 4/4
  1178 | D:2      | 1178 ||| READING 2 scrolls labelled DECHIO YBET.
  1179 | D:2      | 1179 ||| READING scroll labelled NISOCL YSTRO.
  1180 | D:2      | 1180 ||| READING scroll labelled BONINEI FEIGY.
  1181 | D:2      | 1181 ||| DROPPING scroll of fog.
  1253 | D:3      | Found a shimmering altar of Xom.
  1342 | D:3      | Reached XP level 4. HP: 22/22 MP: 5/5
  1651 | D:3      | Reached XP level 5. HP: 25/25 MP: 6/6
  2047 | D:3      | 2047 ||| UPGRADING to +5 ring of evasion.
  2048 | D:3      | 2048 ||| DROPPING ring of magical power.
  2049 | D:3      | 2049 ||| READING scroll labelled SESUCU WOCEOS.
  2050 | D:3      | 2050 ||| DRINKING 2 ruby potions.
  2495 | D:4      | Noticed an ogre
  2496 | D:4      | 2496 ||| ZAPPING wand of light (8) at 2,1 (ogre; floor).
  2497 | D:4      | 2497 ||| ZAPPING wand of light (7) at 1,1 (ogre; floor).
  2498 | D:4      | 2498 ||| ZAPPING wand of light (6) at 1,1 (ogre; floor).
  2498 | D:4      | Killed an ogre
  2499 | D:4      | Reached skill level 6 in Ranged Weapons
  2499 | D:4      | Reached XP level 6. HP: 30/30 MP: 7/7
  2667 | D:4      | 2667 ||| READING scroll labelled IMEGIS VU ZEOKA.
  2667 | D:4      | 2667 ||| ENCHANTING +0 shortbow of draining.
  2668 | D:4      | 2668 ||| READING scroll labelled HIPTYTWA SEOKAP.
  2668 | D:4      | 2668 ||| IDENTIFYING coppery potion
  2669 | D:4      | 2669 ||| DROPPING potion of degeneration.
  2675 | D:5      | Entered Level 5 of the Dungeon
  2681 | D:5      | Reached skill level 6 in Dodging
  2749 | D:5      | Found a blossoming altar of Fedhas.
  2756 | D:5      | 2756 ||| FLEEEEING.
  2757 | D:5      | 2757 ||| FLEEEEING.
  2777 | D:5      | Reached XP level 7. HP: 35/35 MP: 8/8
  2882 | D:5      | 2882 ||| SWAPPING to +0 orcbow.
  2888 | D:5      | 2888 ||| DROPPING +1 shortbow of draining.
  3157 | D:5      | Found a glowing golden altar of the Shining One.
  3159 | D:5      | 3159 ||| RETREEEEATING.
  3164 | D:5      | 3164 ||| RETREEEEATING.
  3167 | D:5      | 3167 ||| RETREEEEATING.
  3168 | D:5      | 3168 ||| RETREEEEATING.
  3169 | D:5      | 3169 ||| RETREEEEATING.
  3170 | D:5      | 3170 ||| RETREEEEATING.
  3171 | D:5      | 3171 ||| RETREEEEATING.
  3175 | D:5      | 3175 ||| RETREEEEATING.
  3177 | D:5      | Reached skill level 3 in Fighting
  3184 | D:5      | Reached XP level 8. HP: 40/40 MP: 9/9
  3299 | D:5      | Found a basalt altar of Yredelemnul.
  3310 | D:5      | HP: 9/40 [poisoned by a water moccasin]
  3311 | D:5      | 3311 ||| READING scroll of teleportation.
  3312 | D:5      | 3312 ||| DRINKING 3 potions of heal wounds.
  3418 | D:5      | 3418 ||| ZAPPING wand of light (5) at 0,1 (wraith; floor).
  3419 | D:5      | 3419 ||| ZAPPING wand of light (4) at 0,1 (wraith; floor).
  3420 | D:5      | 3420 ||| ZAPPING wand of light (3) at 0,1 (wraith; floor).
  3421 | D:5      | 3421 ||| ZAPPING wand of light (2) at 0,1 (wraith; floor).
  3422 | D:5      | 3422 ||| ZAPPING wand of light (1) at 0,1 (wraith; floor).
  3610 | D:5      | 3610 ||| DRINKING 2 murky amethyst potions.
  3764 | D:6      | Noticed an unseen horror
  3775 | D:6      | Killed an unseen horror
  3776 | D:6      | Reached skill level 9 in Ranged Weapons
  3788 | D:6      | 3788 ||| FLEEEEING.
  3878 | D:6      | Found a broken altar of Ashenzari.
  3879 | D:6      | Found a hazy altar of Hepliaklqana.
  3882 | D:6      | Found a bloodstained altar of Trog.
  4017 | D:6      | Reached skill level 9 in Dodging
  4030 | D:6      | Noticed Blork the orc
  4037 | D:6      | Killed Blork the orc
  4147 | D:6      | Found Songeu's Weapon Emporium.
  4147 | D:6      | Identified the +0 cloak of Ashenzari's Scorn {MP+9 Str+2}
  4271 | D:6      | Reached XP level 9. HP: 36/44 MP: 10/10
  4641 | D:6      | 4641 ||| UPGRADING to +1 hat.
  4646 | D:6      | 4646 ||| UPGRADING to +0 cloak of Ashenzari's Scorn {MP+9
                  | Str+2}.
  4708 | D:6      | 4708 ||| READING scroll labelled JAADWU YNAHUTEO.
  4709 | D:6      | 4709 ||| READING 3 scrolls labelled BOGOSO JUST.
  4810 | D:6      | 4810 ||| DROPPING wand of flame (13).
  4811 | D:6      | 4811 ||| DROPPING 2 scrolls of silence.
  4910 | D:7      | Found a shadowy altar of Dithmenos.
  5039 | D:7      | Found a staircase to the Ecumenical Temple.
  5040 | D:7      | 5040 ||| PLANNING TEMPLE
  5040 | D:7      | 5040 ||| DRINKING 2 yellow potions.
  5077 | Temple   | Entered the Ecumenical Temple
  5078 | Temple   | 5078 ||| PLANNING D:1-11
  5232 | D:7      | Found an ornate altar of the Wu Jian Council.
  5443 | D:7      | Found Ygetrutru's Book Boutique.
  5458 | D:7      | Found a stormy altar of Qazlal.
  5887 | D:7      | 5887 ||| READING scroll labelled YPEFATHR ZODIDA.
  5928 | D:8      | Found an iron altar of Okawaru.
  5929 | D:8      | 5929 ||| PLANNING OKAWARU WORSHIP
  5940 | D:8      | Became a worshipper of Warmaster Okawaru
  5941 | D:8      | 5941 ||| PLANNING D:1-11
  6101 | D:8      | Found a sacrificial altar of Ru.
  6173 | D:8      | Noticed Pikel
  6174 | D:8      | 6174 ||| DRINKING potion of haste.
  6181 | D:8      | 6181 ||| RETREEEEATING.
  6204 | D:8      | Killed Pikel
  6204 | D:8      | Reached * piety under Okawaru
  6330 | D:8      | Found a basalt altar of Yredelemnul.
  6373 | D:8      | Noticed a troll
  6374 | D:8      | 6374 ||| INVOKING Heroism.
  6376 | D:8      | 6376 ||| INVOKING Heroism.
  6380 | D:8      | HP: 4/45 [troll (8)]
  6381 | D:8      | 6381 ||| READING scroll of teleportation.
  6382 | D:8      | 6382 ||| DRINKING 2 potions of heal wounds.
  6383 | D:8      | Killed a troll
  6384 | D:8      | Reached skill level 1 in Invocations
  6503 | D:8      | Noticed a polar bear
  6504 | D:8      | 6504 ||| INVOKING Heroism.
  6517 | D:8      | 6517 ||| RETREEEEATING.
  6518 | D:8      | 6518 ||| RETREEEEATING.
  6519 | D:8      | 6519 ||| RETREEEEATING.
  6521 | D:8      | 6521 ||| RETREEEEATING.
  6522 | D:8      | 6522 ||| RETREEEEATING.
  6523 | D:8      | 6523 ||| RETREEEEATING.
  6524 | D:8      | 6524 ||| RETREEEEATING.
  6525 | D:8      | 6525 ||| RETREEEEATING.
  6526 | D:8      | 6526 ||| RETREEEEATING.
  6527 | D:8      | 6527 ||| RETREEEEATING.
  6528 | D:8      | 6528 ||| RETREEEEATING.
  6529 | D:8      | 6529 ||| RETREEEEATING.
  6530 | D:8      | 6530 ||| INVOKING Heroism.
  6530 | D:8      | HP: 4/45 [polar bear (20)]
  6531 | D:8      | 6531 ||| DRINKING potion of heal wounds.
  6532 | D:8      | 6532 ||| RETREEEEATING.
  6533 | D:8      | 6533 ||| RETREEEEATING.
  6534 | D:8      | 6534 ||| RETREEEEATING.
  6535 | D:8      | 6535 ||| RETREEEEATING.
  6539 | D:8      | HP: 3/45 [polar bear (15)]
  6540 | D:8      | Slain by a polar bear

Levels and vault maps discovered:
D:1:      lightli_arrival_windingriver, layout_rooms, serial_shops, shop
D:2:      layout_basic, shapermc_ecumenical_altar_petra
D:3:      layout_loops_corners, lemuel_doored_altar, minmay_misc_feat_ornament
D:4:      layout_loops_ring, kennysheep_generic_room_14
D:5:      layout_basic, fedhas_bush_and_centaur_altar, hangedman_feature_mirror
D:6:      layout_cave_pods, minitemple, nicolae_inconvenience_store,
          minmay_manual_moon, uniq_blork_the_orc
D:7:      wad_pebble_path, layout_layer_cave, marbit_many_paths,
          mainiacjoe_overflow_cross_hatched,
          nicolae_dithmenos_through_a_glass_darkly, minmay_temple_entry_ruins,
          serial_shops, nicolae_shop_hallway_stairs
D:8:      layout_gridville, yredelemnul_forgotten_temple_becter,
          kennysheep_okawaru_gauntlet, nemelex_spade_bored_becter,
          kennysheep_little_box, hellmonk_lair_entry_icy, minmay_evil_grid,
          uniq_pikel
Temple:   nicolae_temple_great_sept

Skill      XL: |  1  2  3  4  5  6  7  8  9 |
---------------+----------------------------+-----
Dodging        | 3 4 5 6 7 9 11 | 11.2
Ranged Weapons | 5 6 7 8 10 11 | 11.4
Fighting       | 2 3 4 |  4.0
Invocations    | 1 |  1.4
Stealth        | |  1.5

Action                     |  1- 3 |  4- 6 |  7- 9 || total
---------------------------+-------+-------+-------++-------
   Fire: Shortbow          |    71 |   117 |    17 ||   205
         Orcbow            |       |       |   380 ||   380
 Invoke: Heroism           |       |       |     3 ||     3
  Evoke: Wand              |       |     3 |     5 ||     8
    Use: Scroll            |     6 |     3 |     5 ||    14
         Potion            |       |     1 |     6 ||     7
 Armour: Robe              |     9 |     7 |    59 ||    75
  Dodge: Dodged            |    14 |    63 |   272 ||   349

Table legend:
 A = Non-vault XP
 B = Vault XP
 C = Vault XP percentage of total XP
 D = Non-vault monster count
 E = Vault monster count
 F = Vault count percentage of total count
                 A         B        C        D         E       F
            +---------+---------+-------+---------+---------+-------
      Total |    3098 |    2408 |  43.7 |     120 |      20 |  14.3
            +---------+---------+-------+---------+---------+-------
        D:1 |       7 |       0 |   0.0 |       5 |       0 |   0.0
        D:2 |      45 |       0 |   0.0 |      25 |       0 |   0.0
        D:3 |     187 |       0 |   0.0 |      17 |       0 |   0.0
        D:4 |     164 |      37 |  18.4 |      19 |       1 |   5.0
        D:5 |     809 |     700 |  46.4 |      14 |       7 |  33.3
        D:6 |     394 |     546 |  58.1 |       9 |       5 |  35.7
        D:7 |     927 |      41 |   4.2 |      21 |       1 |   4.5
        D:8 |     565 |    1084 |  65.7 |      10 |       6 |  37.5
            +---------+---------+-------+---------+---------+-------
